 Dungeon Crawl Stone Soup version 0.28-b1-1-g3c77fb2ed1 (webtiles) character file.

Game seed: 10087318271689327149

26 Descartes the Ducker (level 2, -1/13 HPs)
             Began as a Felid Warper on Jan 28, 2022.
             Slain by an adder (4 damage)
             ... on level 2 of the Dungeon.
             The game lasted 00:02:33 (2077 turns).

Descartes the Ducker (Felid Warper)                 Turns: 2077, Time: 00:02:34

Health: -1/13      AC:  1    Str:  7    XL:     2   Next: 89%
Magic:  6/6        EV: 19    Int: 14    God:
Gold:   30         SH:  0    Dex: 15    Spells: 3/5 levels left
                                        Lives:  0   Deaths: 0

rFire   . . .      SeeInvis +     - Unarmed
rCold   . . .      Faith    .   (shield unavailable)
rNeg    . . .      Spirit   .   (armour unavailable)
rPois   .          Reflect  .   (helmet unavailable)
rElec   .          Harm     .   (cloak unavailable)
rCorr   .          Rampage  .   (gloves unavailable)
Will    .....                   (boots unavailable)
Stlth   ++........              (no amulet)
HPRegen 0.04/turn               (no ring)
MPRegen 0.10/turn               (no ring)

@: quick
A: very small, claws 1, fangs 3, see invisible, speed 1, shaggy fur 1, stealthy
paws, no weapons or thrown items, no armour, multi-lived
a: no special abilities


You were on level 2 of the Dungeon.
You visited 1 branch of the dungeon, and saw 2 of its levels.

You collected 30 gold pieces.

Inventory:

Scrolls
 a - a scroll of blinking
 c - a scroll of teleportation {unknown}
 d - a scroll of enchant armour {unknown}
 e - a scroll of identify {unknown}
Potions
 f - a potion of flight {unknown}


   Skills:
 - Level 2.0 Fighting
 + Level 4.7 Dodging
 + Level 1.2 Stealth
 - Level 2.0 Unarmed Combat
 - Level 2.0 Spellcasting
 - Level 4.4 Translocations


You had 3 spell levels left.
You knew the following spells:

 Your Spells              Type           Power      Damage    Failure   Level
a - Blink                 Tloc           26%        N/A       6%          2

Your spell library contained the following spells:

 Spells                   Type           Power      Damage    Failure   Level
 Gell's Gravitas          Tloc           13%        N/A       12%         3
 Lesser Beckoning         Tloc           13%        N/A       12%         3
 Teleport Other           Tloc           13%        N/A       12%         3
 Manifold Assault         Tloc           13%        N/A       73%         5


Dungeon Overview and Level Annotations

Branches:
Dungeon (2/15)

Altars:


Innate Abilities, Weirdness & Mutations

You have sharp claws.
You have razor-sharp teeth.
You have supernaturally acute eyesight. (SInv)
You cover ground quickly. (Speed+)
You are covered in fur. (AC +1)
Your paws help you pounce on unaware monsters.
You are incapable of wielding weapons or throwing items.
You cannot wear armour.
You gain extra lives every three experience levels.


Message History

* * * LOW HITPOINT WARNING * * *
The adder closely misses you.
You are too injured to fight recklessly!
You are too injured to fight recklessly!
You are too injured to fight recklessly!
You are too injured to fight recklessly!
You are too injured to fight recklessly!
You are too injured to fight recklessly!
You are too injured to fight recklessly!
You are too injured to fight recklessly!
You are too injured to fight recklessly!
You are too injured to fight recklessly!
You are too injured to fight recklessly!
You are too injured to fight recklessly!
You barely miss the adder.
The adder is lightly wounded.
* * * LOW HITPOINT WARNING * * *
You feel sick. The adder misses you.
Unknown command.
It was a potion of curing.
You feel better. The adder closely misses you.
You scratch the adder but do no damage.
The adder is lightly wounded.
The adder misses you.
You barely miss the adder. Your bite misses the adder.
The adder is lightly wounded.
The adder completely misses you. The adder closely misses you.
You scratch the adder.
The adder is heavily wounded.
The adder bites you.
* * * LOW HITPOINT WARNING * * *
You barely miss the adder. You bite the adder.
The adder is heavily wounded.
The adder completely misses you.
You miss the adder.
The adder is heavily wounded.
The adder barely misses you.
You completely miss the adder.
The adder is heavily wounded.
The adder bites you.
You die...

#####...#.#..##
#....#
#.........#...#
#....#
...########...#
#....# ...# #..
#.#.###....# ...#
#.####.#..##....#
..(# #......#..#
....# ..^#
#.....###.##....#
...###.....#
#.>...#
...........#
#..@..#
...####....#
#..S..# ...#
###'## #.....#
...# #.# #.....#
#### #.# #.....#
#.. ......# ###
########


You could see an adder.

Vanquished Creatures
  A dart slug (D:1)
  6 endoplasms (D:1)
  4 goblins (D:1)
  3 ball pythons
  3 bats (D:1)
  2 frilled lizards (D:1)
  4 kobolds (D:1)
  2 rats (D:1)
25 creatures vanquished.

Notes
Turn   | Place    | Note
-------+----------+-------------------------------------------
     0 | D:1      | Descartes the Felid Warper began the quest for the Orb.
     0 | D:1      | Reached XP level 1. HP: 9/9 MP: 4/4
   689 | D:1      | Reached XP level 2. HP: 13/13 MP: 6/6
   888 | D:1      | Learned a level 2 spell: Blink
   978 | D:1      | Found a faded altar of an unknown god.
  1292 | D:1      | Reached skill level 1 in Stealth
  2077 | D:2      | Slain by an adder

Illustrated notes

Levels and vault maps discovered:
D:1:      lightli_arrival_noodles, layout_loops_corners,
          shapermc_ecumenical_altar_pompeii, chequers_serial_rivers_micro_d
D:2:      layout_basic

Skill      XL: |  1  2 |
---------------+-------+-----
Dodging        | 4 |  4.7
Stealth        | 1 |  1.2
Fighting       | |  2.0
Unarmed Combat | |  2.0
Spellcasting   | |  2.0
Translocations | |  4.4

Action                   || total
-------------------------++-------
Melee: Unarmed           ||    77
       Bite              ||     5
       Punch             ||     3
  Use: Potion            ||     1
 Stab: Sleeping          ||     5
Armor: Skin              ||     2
Dodge: Dodged            ||    50
